 Dungeon Crawl Stone Soup version 0.30.0-19-g36f170ea60 (webtiles) character file.

Game seed: 17741575669874887442

160 DemonSlayer the Digger (level 5, -5/35 HPs)
             Began as a Demonspawn Earth Elementalist on May 27, 2023.
             Slain by a kobold brigand
             ... wielding a +0 whip
              (7 damage)
             ... in a sewer.
             The game lasted 00:05:35 (2730 turns).

DemonSlayer the Digger (DsEE)                       Turns: 2730, Time: 00:05:36

Health: -5/35      AC:  2    Str:  7 (8)  XL:     5   Next: 17%
Magic:  10/10      EV: 12    Int: 16 (17) God:
Gold:   160        SH:  0    Dex: 14 (15) Spells: 4/10 levels left

rFire   . . .        c - +0 dagger (pain)
rCold   . . .        (no shield)
rNeg    . . .        a - +0 robe
rPois   .            (helmet restricted)
rElec   .            (no cloak)
rCorr   .            (no gloves)
SInv    .            (no boots)
Will    .....        (no amulet)
Stlth   ++           (no ring)
HPRegen 0.25/turn    (no ring)
MPRegen 0.12/turn

%: no passive effects
@: lethally poisoned (-5 -> -22), slowed, very slow
A: antennae 2, claws 1
a: no special abilities


You were in a sewer.
You visited 1 branch of the dungeon, and saw 3 of its levels.
You also visited: Sewer.

You collected 160 gold pieces.

Inventory:

Hand Weapons
 c - a +0 dagger of pain (weapon)
Armour
 a - a +0 robe (worn)
Scrolls
 e - 2 scrolls of teleportation
 h - a scroll of torment {unknown}
 k - a scroll of blinking {unknown}
 l - a scroll of noise {unknown}
 m - a scroll of immolation {unknown}
Potions
 b - a potion of haste {unknown}
 d - a potion of magic
 f - a potion of might
 g - a potion of mutation {unknown}
 i - 2 potions of heal wounds


   Skills:
 + Level 0.2 Fighting
 + Level 1.2 Short Blades
 + Level 2.2 Dodging
 + Level 2.2 Stealth
 + Level 3.3 Spellcasting
 + Level 0.8 Transmutations
 + Level 3.7 Earth Magic


You had 4 spell levels left.
You knew the following spells:

 Your Spells              Type           Power      Damage    Failure   Level
a - Sandblast             Erth           28%        2d8       4%          1
b - Passwall              Tmut/Erth      8%         N/A       11%         2
c - Stone Arrow           Conj/Erth      16%        3d8       26%         3

Your spell library contained the following spells:

 Spells                   Type           Power      Damage    Failure   Level
 Petrify                  Tmut/Erth      10%        N/A       56%         4
 Iskenderun's Mystic Bla  Conj/Tloc      2%         2d3       87%         4
 Summon Forest            Summ/Tloc      1%         N/A       99%         5
 Dispersal                Tloc           1%         N/A       100%        6


Dungeon Overview and Level Annotations

Branches:
Dungeon (3/15)              Sewer (1/1)

Altars:


Innate Abilities, Weirdness & Mutations

You have a pair of antennae on your head.
You have sharp fingernails.


Message History

The blast of sand misses the ball python.
The ball python bites you. The ball python grabs you.
The ball python constricts you.
The blast of sand hits the ball python!
You kill the ball python!
You can't see any susceptible monsters within range! (Use Z to cast anyway.)
You can't see any susceptible monsters within range! (Use Z to cast anyway.)
You can't see any susceptible monsters within range! (Use Z to cast anyway.)
You sense a monster nearby.
You open the large door. 2 kobolds and a kobold brigand come into view.
The kobold brigand is wielding a +0 dagger and quivering poisoned darts.
The kobold brigand shouts!
You hear a shout!
The kobold shouts!
A kobold brigand comes into view.
It is wielding a +0 whip and quivering curare-tipped darts.
The kobold brigand moves out of view.
Found three items.
Found a gate leading back out of this place.
The blast of sand hits the kobold!
You kill the kobold!
The kobold shouts!
The kobold brigand shouts!
The kobold brigand throws a curare-tipped dart.
The curare-tipped dart hits you.
You are poisoned.
You have difficulty breathing.
You feel yourself slow down.
A kobold comes into view. It is wielding a +0 club.
You feel very sick.
The blast of sand hits the kobold brigand.
The kobold brigand is lightly wounded.
You feel very sick.
The kobold brigand throws a curare-tipped dart.
The curare-tipped dart hits you.
You are lethally poisoned!
You have difficulty breathing.
* * * LOW HITPOINT WARNING * * *
You feel as though you will be slow longer.
Magic courses through your body.
* * * LOW HITPOINT WARNING * * *
You feel extremely sick.
The kobold brigand hits you with a +0 whip!
You die...

....~~~~~≈~#~~...###
.P..~~~#~≈~#~~.P##
....P~P#~≈~#....##
......~#~~~#.....#
......~#~≈~#.....#
.......#~≈~#P~~..#
#...~.~#~≈~#~~...#
#...~~~#~≈~#~~~K.#
###..~~#~≈~~~~~K@#
##''##~~~##)'###
#))..#~≈~#K.!{
#....### #... #..∩.#
#.∩? #....# #.!K
###### ####


You could see 2 kobold brigands and a kobold (wandering).

Vanquished Creatures
  A kobold brigand (Sewer)
  4 adders
  A worm (D:2)
  7 bats
  5 endoplasms
  6 giant cockroaches
  5 goblins
  A hobgoblin (D:2)
  5 jackals (D:2)
  A quokka (D:2)
  4 ball pythons
  4 frilled lizards
  10 kobolds
  7 rats
61 creatures vanquished.

Notes
Turn   | Place    | Note
-------+----------+-------------------------------------------
     0 | D:1      | DemonSlayer the Demonspawn Earth Elementalist began the
                  | quest for the Orb.
     0 | D:1      | Reached XP level 1. HP: 13/13 MP: 3/3
   259 | D:1      | You fall into a shaft and drop 1 floor!
   371 | D:2      | Discovered your monstrous ancestry.
   371 | D:2      | Gained mutation: You have a pair of small antennae on your
                  | head. [demonic ancestry]
   371 | D:2      | Reached XP level 2. HP: 19/19 MP: 3/5
   838 | D:2      | Gained mutation: You have sharp fingernails. [demonic
                  | ancestry]
   838 | D:2      | Reached XP level 3. HP: 16/24 MP: 2/6
  1009 | D:2      | Got the Precepts of Portals
  1475 | D:2      | Learned a level 2 spell: Passwall
  1479 | D:2      | Learned a level 3 spell: Stone Arrow
  1747 | D:1      | Gained mutation: You have a pair of antennae on your head.
                  | [demonic ancestry]
  1747 | D:1      | Reached XP level 4. HP: 29/30 MP: 6/8
  2304 | D:3      | Found a glowing drain.
  2400 | Sewer    | Entered a sewer
  2448 | Sewer    | Noticed a kobold brigand
  2475 | Sewer    | Killed a kobold brigand
  2476 | Sewer    | Reached skill level 1 in Short Blades
  2476 | Sewer    | Reached XP level 5. HP: 10/35 MP: 0/10
  2730 | Sewer    | Slain by a kobold brigand

Illustrated notes

Levels and vault maps discovered:
D:1:      minmay_arrival_shattered_statue, layout_basic
D:2:      layout_basic
D:3:      layout_basic, lightli_temple_of_fire, gup_sewer_entry_glass,
          skrybe_limestone_x, uniq_sigmund
Sewer:    kennysheep_pipe_town

Skill      XL: |  1  2  3  4 |
---------------+-------------+-----
Dodging        | 2 |  2.2
Earth Magic    | 3 |  3.7
Stealth        | 2 |  2.2
Spellcasting   | 3 |  3.3
Short Blades   | 1 |  1.2
Fighting       | |  0.2
Transmutations | |  0.8

Action                     |  1- 3 |  4- 6 || total
---------------------------+-------+-------++-------
  Melee: Dagger            |    41 |    28 ||    69
   Cast: Sandblast         |    44 |    30 ||    74
         Stone Arrow       |       |     2 ||     2
    Use: Potion            |       |     5 ||     5
         Scroll            |       |     3 ||     3
   Stab: Sleeping          |     4 |     2 ||     6
 Armour: Robe              |    12 |     3 ||    15
  Dodge: Dodged            |    61 |    34 ||    95
